 Dungeon Crawl Stone Soup version 0.21.1-1-g345015f (webtiles) character file.

88 dalore the Cudgeler (level 4, -4/41 HPs)
             Began as a Minotaur Berserker on Apr 5, 2018.
             Was a Believer of Trog.
             Slain by a centaur (9 damage)
             ... on level 4 of the Dungeon.
             The game lasted 00:09:32 (2385 turns).

dalore the Cudgeler (Minotaur Berserker)            Turns: 2385, Time: 00:09:32

Health: -4/41      AC:  2    Str: 22    XL:     4   Next: 29%
Magic:  3/3        EV: 12    Int:  4    God:    Trog [**....]
Gold:   183        SH:  0    Dex: 10    Spells: 3/3 levels left

rFire    . . .     SeeInvis .   k - +0 whip
rCold    . . .     Gourm    .   (no shield)
rNeg     . . .     Faith    .   b - +0 animal skin
rPois    .         Spirit   .   (helmet restricted)
rElec    .         Reflect  .   (no cloak)
rCorr    .         Harm     .   (no gloves)
MR       .....                  (no boots)
Stlth    +.........             (no amulet)
HPRegen  0.13/turn              (no ring)
MPRegen  0.08/turn              (no ring)

@: no status effects
A: retaliatory headbutt, horns 2
a: Berserk, Trog's Hand, Burn Spellbooks, Renounce Religion


You were on level 4 of the Dungeon.
You worshipped Trog.
Trog was pleased with you.
You were hungry.

You visited 1 branch of the dungeon, and saw 4 of its levels.

You collected 183 gold pieces.

Inventory:

Hand Weapons
 a - a +0 mace
 k - a +0 whip (weapon)
   (You found it on level 1 of the Dungeon)
Armour
 b - a +0 animal skin (worn)
 o - a +0 cloak
   (You found it on level 2 of the Dungeon)
Jewellery
 t - an uncursed ring of stealth {unknown}
   (You found it on level 3 of the Dungeon)
Wands
 u - a wand of flame (30)
   (You found it on level 3 of the Dungeon)
Scrolls
 d - 2 scrolls of immolation {unknown}
 f - 2 scrolls of identify {unknown}
 g - a scroll of teleportation {unknown}
 i - a scroll of fear {unknown}
Potions
 e - a potion of curing {unknown}
 h - a potion of brilliance {unknown}
 m - a potion of degeneration {unknown}
 n - 2 potions of might {unknown}
 p - a potion of lignification {unknown}
 q - a potion of flight {unknown}
 r - a potion of ambrosia {unknown}
Comestibles
 c - 8 rations


   Skills:
 * Level 4.6 Fighting
 * Level 5.1 Maces & Flails
 + Level 0.3 Throwing
 + Level 2.4 Armour
 + Level 2.5 Dodging
 + Level 0.1 Stealth


You had 3 spell levels left.
You didn't know any spells.

Dungeon Overview and Level Annotations

Branches:
Dungeon (4/15)
 Temple: D:4-7

Altars:
Hepliaklqana
Trog
Vehumet


Innate Abilities, Weirdness & Mutations

You reflexively headbutt those who attack you in melee.
You have a pair of horns on your head.


Message History

Aim: a kobold You throw a tomahawk.
The tomahawk hits the kobold but does no damage.
The kobold hits you.
You take 4 damage, and have 37/41 hp.
You hit the kobold.
You kill the kobold!
Trog accepts your kill.
s - a steel javelin
l - a tomahawk;
c - 8 rations (gained 1)
l - 2 tomahawks (gained 1)
u - a wand of flame (30)
You regained 2 hp, and now have 39/41 hp.
Found a stone staircase leading down.
There is a stone staircase leading down here.
You climb downwards.
There is a stone staircase leading up here.
You climb upwards.
There is a stone staircase leading down here.
Health restored: 41 An orc comes into view.
It is wielding a dagger.
The orc shouts!
You hear a shout!
The orc throws a tomahawk.
The tomahawk misses you.
You see here a tomahawk.
Aim: an orc, wielding a dagger and wearing a leather armour You throw a steel javelin.
The steel javelin barely misses the orc.
The orc throws a tomahawk.
The tomahawk hits you.
The orc throws a tomahawk.
The tomahawk hits you but does no damage.
A centaur comes into view.
You take 2 damage, and have 39/41 hp.
Aim: an orc, wielding a dagger and wearing a leather armour You throw a tomahawk.
The tomahawk hits the centaur.
The centaur wields a shortbow.
The centaur shoots an arrow.
The arrow completely misses you.
Aim: a centaur, wielding a shortbow (moderately wounded)
You throw a tomahawk.
The tomahawk hits the centaur but does no damage.
The centaur shoots an arrow.
The arrow barely misses you.
The orc throws a tomahawk.
The tomahawk barely misses you.
The centaur shoots an arrow.
The arrow hits you!
The centaur shoots an arrow.
The arrow hits you!
You see here 2 arrows.
You take 20 damage, and have 19/41 hp.
MASSIVE DAMAGE!!
There is a stone staircase leading down here.
You climb downwards.
There is a stone staircase leading up here.
You start resting.
A frilled lizard comes into view.
You regained 4 hp, and now have 23/41 hp.
You are too injured to fight recklessly!
The frilled lizard hisses angrily.
You are too injured to fight recklessly!
You hit the frilled lizard.
You kill the frilled lizard!
Trog accepts your kill.
You start resting.
All of the chunks of flesh in your inventory have rotted away.
Health restored: 41 You climb upwards.
The orc misses you.
There is a stone staircase leading down here.
You hit the centaur but do no damage.
The centaur unwields an uncursed shortbow.
The centaur closely misses you. The orc closely misses you.
You hit the centaur. The centaur misses you. The orc hits you with a dagger.
The centaur barely misses you.
You take 4 damage, and have 37/41 hp.
You hit the centaur. The centaur hits you.
You take 3 damage, and have 34/41 hp.
You whack the centaur! You headbutt the centaur.
The orc hits you but does no damage. The centaur closely misses you.
You hit the centaur but do no damage. Your headbutt misses the centaur.
The centaur hits you! The orc hits you with a dagger.
You take 8 damage, and have 26/41 hp.
You barely miss the centaur. Your headbutt misses the centaur.
The centaur barely misses you. The orc barely misses you.
You furiously retaliate!
You headbutt the orc. The centaur hits you!
You take 6 damage, and have 20/41 hp.
You are too injured to fight recklessly!
The centaur closely misses you. The orc hits you but does no damage.
You climb downwards.
You are feeling hungry.
There is a stone staircase leading up here.
You are too injured to fight recklessly!
The centaur hits you. The centaur hits you!
* * * LOW HITPOINT WARNING * * *
You take 8 damage, and have 12/41 hp.
You hit the orc. The orc barely misses you. The centaur hits you.
* * * LOW HITPOINT WARNING * * *
You take 5 damage, and have 7/41 hp.
You closely miss the orc. Your headbutt misses the orc.
The centaur barely misses you. The orc hits you with a dagger.
* * * LOW HITPOINT WARNING * * *
You take 2 damage, and have 5/41 hp.
You hit the orc but do no damage.
You kill the orc!
Trog accepts your kill. The centaur hits you!
You die...

#.......# #
##........
.#
#........##.
#..........
.........
......#
#.c.# #.<@#
#...# #.....
........#
......###..
...)#...# ##
..#....##
#...##.#


You could see a centaur.

Vanquished Creatures
  2 adders (D:2)
  2 oozes (D:1)
  A worm (D:3)
  3 dart slugs
  An orc (D:4)
  3 bats
  3 giant cockroaches
  4 goblins
  6 hobgoblins
  8 jackals
  4 frilled lizards
  8 kobolds
  3 rats
48 creatures vanquished.

Notes
Turn   | Place    | Note
-------+----------+-------------------------------------------
     0 | D:1      | dalore the Minotaur Berserker began the quest for the Orb.
     0 | D:1      | Reached XP level 1. HP: 19/19 MP: 0/0
    55 | D:1      | Reached skill level 4 in Fighting
    55 | D:1      | Reached XP level 2. HP: 20/27 MP: 1/1
    57 | D:1      | Reached skill level 4 in Maces & Flails
   751 | D:1      | Reached XP level 3. HP: 33/33 MP: 2/2
  1358 | D:2      | Found a radiant altar of Vehumet.
  1612 | D:2      | Reached ** piety under Trog
  1685 | D:2      | Reached skill level 5 in Maces & Flails
  1704 | D:2      | Reached XP level 4. HP: 41/41 MP: 3/3
  1772 | D:2      | Found a hazy altar of Hepliaklqana.
  2129 | D:3      | Found a bloodstained altar of Trog.
  2200 | D:3      | Noticed a centaur
  2383 | D:4      | HP: 7/41 [centaur (5)]
  2385 | D:4      | Slain by a centaur

Skill      XL: |  1  2  3 |
---------------+----------+-----
Fighting       | 4 |  4.6
Maces & Flails | 4 5 |  5.1
Throwing       | |  0.3
Armour         | |  2.4
Dodging        | |  2.5
Stealth        | |  0.1

Action                   |  1- 3 |  4- 6 || total
-------------------------+-------+-------++-------
Melee: Mace              |    34 |       ||    34
       Headbutt          |     6 |     2 ||     8
       Whip              |    10 |    18 ||    28
Throw: Javelin           |    20 |    13 ||    33
       Tomahawk          |     1 |     8 ||     9
 Stab: Sleeping          |     1 |       ||     1
  Eat: Chunk             |     2 |     2 ||     4
Armor: Animal skin       |     9 |     3 ||    12
Dodge: Dodged            |    27 |    17 ||    44

Vault maps used:
D:1:      lemuel_arrival_behind_the_door_small
D:2:      lemuel_coloured_pillars_altar, lemuel_tele_altar
D:3:      bloody_trog
D:4:      lemuel_doored_altar, serial_shops, shop

Table legend:
 A = Turns spent in this place as a percentage of turns spent in the entire game.
 B = Non-inter-level travel turns spent in this place as a percentage of non-inter-level travel turns spent in the entire game.
 C = Inter-level travel turns spent in this place as a percentage of turns spent in this place.
 D = Turns resting spent in this place as a percentage of non-inter-level travel turns spent in this place.
 E = Turns spent auto-exploring this place as a percentage of non-inter-level travel turns spent in this place.
 F = Non-inter-level travel turns spent in this place divided by the number of levels of this place that you've seen.
                   A       B       C       D       E      F
               +-------+-------+-------+-------+-------+----------------------
         Total | 100.0 | 100.0 |   8.7 |  20.1 |  68.4 | 544.5
       Dungeon | 100.0 | 100.0 |   8.7 |  20.1 |  68.4 | 544.5
               +-------+-------+-------+-------+-------+----------------------

Table legend:
 A = Kills in this place as a percentage of kills in entire the game.
 B = Kills by you in this place as a percentage of kills by you in the entire game.
 C = Kills by friends in this place as a percentage of kills by friends in the entire game.
 D = Other kills in this place as a percentage of other kills in the entire game.
 E = Experience gained in this place as a percentage of experience gained in the entire game.
 F = Experience gained in this place divided by the number of levels of this place that you have seen.
                   A       B       C       D       E      F
               +-------+-------+-------+-------+-------+----------------------
         Total | 100.0 | 100.0 |   N/A |   N/A | 100.0 |  31.5
       Dungeon | 100.0 | 100.0 |   N/A |   N/A | 100.0 |  31.5
               +-------+-------+-------+-------+-------+----------------------
